[Event "Early-Titled-Tuesday-Blitz-January-23-2024"]
[Site "Chess.com"]
[Date "2024.01.23"]
[Round "2"]
[White "Grieve72"]
[Black "FMCASTE"]
[Result "0-1"]
[WhiteElo "2722"]
[BlackElo "2490"]
[TimeControl "180+1"]
[EndTime "8:19:01 PST"]
[Termination "FMCASTE won on time"]

1. a3 Nf6 2. d4 g6 3. Nc3 Bg7 4. e4 d6 5. Bg5 c6 6. Qd2 Qc7 7. O-O-O h6 8. Bh4 Nbd7 9. f4 b5 10. e5 Nd5 11. Nxd5 cxd5 12. Bxb5 Rb8 13. Ba4 dxe5 14.
fxe5 O-O 15. Bxe7 Nb6 16. Bd6 Qb7 17. Bxb8 Nxa4 18. Qb4 Qc6 19. Bd6 Bf5 20. c3 Rc8 21. Nf3 h5 22. h4 Qa6 23. Rhe1 Rc6 24. Qb8+ Rc8 25. Qb3 Qa5 26. Ng5 Nxc3 27. Bb4 Ne4+ 28. Kb1 Nd2+ 29. Ka2 Nxb3 30. Bxa5 Nxa5 31. Rc1 Rb8 32.
Rc7 Nc4 33. b3 Nd2 34. b4 Bh6 35. Nxf7 Bf8 36. Nd6 Be6 37. Rxa7 Nc4 38. Nxc4 dxc4 39. Kb2 Rc8 40. Kc3 Bd5 41. a4 Bxg2 42. e6 Re8 43.
e7 Bg7 44. b5 Kf7 45. b6 Bf6 46. a5 Bxh4 47. Re5 Bf6 48. Rc5 h4 49. b7 h3 50. Rb5 h2 51. Rb1 h1=Q 52. Rxh1 Bxh1 53. a6 Bxe7 54. Kxc4 g5 55. d5 Bd6 56. Ra8 Rb8 57. Rxb8 Bxb8 58. Kc5 g4 59. Kb6 Bxd5 60. a7 Bxa7+ 61. Kxa7 Bxb7 0-1

[Event "Early-Titled-Tuesday-Blitz-January-23-2024"]
[Site "Chess.com"]
[Date "2024.01.23"]
[Round "2"]
[White "FGHSMN"]
[Black "wadsy27"]
[Result "1/2-1/2"]
[WhiteElo "2993"]
[BlackElo "2634"]
[TimeControl "180+1"]
[EndTime "8:19:07 PST"]
[Termination "Game drawn by repetition"]

1. c4 c6 2. d4 d5 3. cxd5 cxd5 4. Nf3 Nc6 5. Nc3 Nf6 6. Bf4 a6 7. Ne5 Qb6 8. Nxc6 bxc6 9. f3 Nh5 10. Na4 Qb4+ 11. Bd2 Qxd4 12. g3 e6 13. Rc1 Bd7 14.
Qc2 Bb4 15. Nc5 Bxd2+ 16. Qxd2 Qxd2+ 17. Kxd2 Nf6 18. e3 a5 19. Bd3 Ke7 20. g4 Rhb8 21.
b3 Be8 22. h4 Nd7 23. Nxd7 Bxd7 24. Bxh7 g6 25. h5 Kf6 26. g5+ Kg7 27. hxg6 fxg6 28. Rh6 Be8 29. Rch1 Bf7 30. R1h4 a4 31. bxa4 Rb2+ 32.
Kc3 Rxa2 33. Rf4 Ra3+ 34. Kd2 Be8 35. Rf6 R8xa4 36. Bxg6 Ra2+ 37. Kc1 Rg2 38. Rxe6 Ra1+ 39. Bb1 Bf7 40. Rh7+ Kg8 41. Re7 Rxb1+ 42. Kxb1 Kxh7 43. Rxf7+ Kg6 44. Rf6+ Kxg5 45. Rxc6 Re2 46. Rc3 Kh4 47. Kc1 Kg3 48. Kd1 Kf2 49. f4 Re1+ 50. Kd2 Re2+ 51.
Kc1 Re1+ 52. Kc2 Re2+ 53. Kb1 Rxe3 54. Rc2+ Kf3 55. f5 Re5 56. f6 Rf5 57. Rc1 Ke4 58.
Re1+ Kd3 59. Re6 d4 60. Kc1 Rf1+ 61. Kb2 Kd2 62. Rd6 d3 63. Re6 Kd1 64. Rd6 d2 65.
Re6 Rf3 66. Rd6 Ke1 67. Re6+ Kf2 68. Rd6 Ke2 69. Re6+ Re3 70. Rxe3+ Kxe3 71. f7 d1=Q 72. f8=Q Qd4+ 73. Kb1 Qd3+ 74. Kb2 Qd4+ 75. Kb1 Qd3+ 76. Kb2 Qd4+ 1/2-1/2

[Event "Early-Titled-Tuesday-Blitz-January-23-2024"]
[Site "Chess.com"]
[Date "2024.01.23"]
[Round "2"]
[White "FM_VS99"]
[Black "Roosters19"]
[Result "1-0"]
[WhiteElo "2539"]
[BlackElo "2327"]
[TimeControl "180+1"]
[EndTime "8:19:07 PST"]
[Termination "FM_VS99 won by resignation"]

1. Nf3 c5 2. g3 Nc6 3. c4 g6 4. Bg2 Bg7 5. O-O Nf6 6. Nc3 O-O 7. d4 cxd4 8. Nxd4 d6 9. Nxc6 bxc6 10. Bxc6 Bh3 11. Bxa8 Qxa8 12. f3 Bxf1 13. Kxf1 Rc8 14. Be3 Rxc4 15. Qb3 Rc8 16. Rc1 h5 17. Nb5 Rxc1+ 18. Bxc1 a6 19. Nc3 h4 20. gxh4 Qc8 21.
Kg2 Nh5 22. Bg5 e6 23. Ne4 d5 24. Ng3 Nf6 25. Qb6 Kh7 26. Qa7 Kg8 27. b4 Qc4 28. a4 Nh5 29. Qc5 Qa2 30. Qf2 Qxa4 31. Nxh5 gxh5 32.
Qg3 Kh7 33. Qc7 Kg6 34. Be7 Qb5 35. Qg3+ Kh7 36. Kf1 Qc4 37. Qg5 f6 38. Qxh5+ Kg8 39. Qe8+ Kh7 40. Qh5+ Kg8 41. Qg6 Qc1+ 42. Kf2 Qh6 43.
Qxh6 Bxh6 44. Bxf6 Kf7 45. Bd4 Bf8 46. Bc3 Kg6 47. Kg3 Bd6+ 48. Kg4 Bxh2 49. h5+ Kh7 50. f4 Bg1 51. Kg5 Be3 52. Be5 d4 53. Kf6 Bd2 54.
Kxe6 Bxb4 55. Bxd4 Bd2 56. f5 Bh6 57. f6 a5 58. f7 Bf8 59. Kd7 Kh6 60. Ke8 Bb4 61. f8=Q+ Bxf8 62. Kxf8 Kxh5 63. Ke7 Kg4 64. e4 Kf4 65. e5 a4 66. Ba1 a3 67. e6 Kf5 68. Kd7 a2 69. e7 1-0

[Event "Early-Titled-Tuesday-Blitz-January-23-2024"]
[Site "Chess.com"]
[Date "2024.01.23"]
[Round "2"]
[White "Chesstiger64"]
[Black "Aash20"]
[Result "1/2-1/2"]
[WhiteElo "2250"]
[BlackElo "2487"]
[TimeControl "180+1"]
[EndTime "8:19:07 PST"]
[Termination "Game drawn by stalemate"]

1. d4 d5 2. Nf3 Nf6 3. e3 c5 4. c3 Nc6 5. Bd3 Qb6 6. O-O Bg4 7. dxc5 Qxc5 8. b4 Qb6 9. a3 e6 10. Nbd2 Bd6 11. Bb2 O-O 12. h3 Bh5 13. c4 Be7 14. c5 Qc7 15. Be2 Rad8 16. Nb3 Ne4 17. Nfd4 Bxe2 18. Qxe2 Nxd4 19. Bxd4 Bf6 20. Bxf6 Nxf6 21.
Rfd1 b6 22. Rac1 Ne4 23. Nd4 bxc5 24. bxc5 Qa5 25. Nc6 Qxa3 26. Nxd8 Rxd8 27. c6 Rc8 28.
Qb5 Qd6 29. Qb7 Qc7 30. Qxc7 Rxc7 31. Rb1 g6 32. Rdc1 Nd6 33. Rb8+ Kg7 34. f3 Nc4 35. Rb7 Rxc6 36. Rxa7 Rb6 37. e4 Ne3 38. exd5 Nxd5 39. Ra2 h5 40. h4 Nf4 41. g3 Nd3 42. Rd1 Ne5 43. Kg2 Rb3 44. Rf2 Nc4 45. Re2 Ne3+ 46.
Rxe3 Rxe3 47. Rd2 Rb3 48. Rc2 Kf6 49. Rd2 e5 50. Rc2 Rb4 51. Rd2 e4 52. fxe4 Rxe4 53. Rf2+ Kg7 54. Rc2 f5 55. Rb2 f4 56. gxf4 Rxf4 57. Kg3 Rg4+ 58. Kh3 Ra4 59. Rb3 Kf6 60. Rf3+ Ke5 61. Rg3 Kf5 62. Rf3+ Rf4 63. Ra3 Rb4 64. Rc3 Re4 65. Rf3+ Ke5 66. Rg3 Kf5 67. Rf3+ Rf4 68. Rb3 Rg4 69. Rb5+ Ke4 70. Rb4+ Kf3 71. Rb3+ Kf4 72.
Rb4+ Kf5 73. Rb5+ Kf6 74. Rb6+ Kg7 75. Rb7+ Kh6 76. Rb3 Ra4 77. Rc3 Ra1 78. Rb3 Rh1+ 79. Kg3 Kg7 80. Rb7+ Kf6 81. Rb6+ Kf5 82. Rb5+ Ke4 83. Rb4+ Kd3 84. Kg2 Re1 85. Rb6 Re4 86. Rxg6 Rxh4 87. Re6 Kd4 88. Re8 Re4 89. Rxe4+ Kxe4 90. Kg3 Kf5 91. Kh4 Kg6 92. Kh3 Kg5 93. Kg3 h4+ 94.
Kh2 Kg4 95. Kg2 h3+ 96. Kh2 Kh4 97. Kg1 Kg3 98. Kh1 h2 1/2-1/2

[Event "Early-Titled-Tuesday-Blitz-January-23-2024"]
[Site "Chess.com"]
[Date "2024.01.23"]
[Round "2"]
[White "supereagles1201"]
[Black "Egor_Koshulyan"]
[Result "0-1"]
[WhiteElo "2347"]
[BlackElo "2695"]
[TimeControl "180+1"]
[EndTime "8:19:09 PST"]
[Termination "Egor_Koshulyan won by checkmate"]

1. d4 Nf6 2. Nf3 d5 3. c3 Bf5 4. Qb3 Qc8 5. c4 e6 6. Nc3 c6 7.
cxd5 exd5 8. Bf4 Be7 9. h3 O-O 10. e3 Nbd7 11. Be2 Ne4 12. g4 Bg6 13. h4 Nxc3 14.
bxc3 Be4 15. g5 c5 16. Rg1 cxd4 17. cxd4 a5 18. a3 Qc6 19. Nd2 Bf5 20. Bg4 Bxg4 21. Rxg4 Rfc8 22. Ke2 a4 23. Qd3 Qc3 24. Rgg1 Rc6 25.
Rgc1 Qxd3+ 26. Kxd3 Rxc1 27. Rxc1 Bxa3 28. Rc7 Nf8 29.
Rxb7 Ne6 30. Rb8+ Rxb8 31. Bxb8 Bb4 32. f4 g6 33. Kc2 Ng7 34. e4 a3 35. Nb3 dxe4 36.
d5 Nf5 37. Be5 Ne3+ 38. Kb1 Nxd5 39. Ka2 e3 40. Nd4 Nc3+ 41. Kb3 a2 42. Nc2 e2 43.
Kb2 a1=Q+ 44. Kxa1 Ne4 45. Kb2 e1=Q 46. Nxe1 Bxe1 47. Kc2 Bxh4 48. Kd3 Ng3 49. Ke3 Nf5+ 50. Kf3 Be1 51. Kg4 Bb4 52. Bf6 Bf8 53. Be5 Bg7 54. Bc7 Kf8 55. Bb8 Ke7 56. Ba7 Ke6 57.
Bc5 Kd5 58. Bb4 Ke4 59. Bd2 Bd4 60. Bc1 Be3 61. Bb2 Bxf4 62. Bf6 Be3 63. Bd8 h5+ 64.
gxh6 Bxh6 65. Bf6 Bg7 66. Bd8 Ne3+ 67. Kg3 Be5+ 68. Kf2 Ng4+ 69. Kg2 f5 70. Kf1 f4 71. Bg5 f3 72. Bh4 Ne3+ 73. Kf2 Bd4 74. Ke1 Ng2+ 75.
Kf1 Nxh4 76. Ke1 f2+ 77. Kf1 Nf5 78. Ke2 Ng3+ 79. Kd2 f1=Q 80. Kc2 Qd3+ 81. Kc1 Ne2# 0-1

[Event "Early-Titled-Tuesday-Blitz-January-23-2024"]
[Site "Chess.com"]
[Date "2024.01.23"]
[Round "2"]
[White "baki83"]
[Black "Squirlolz"]
[Result "1-0"]
[WhiteElo "2853"]
[BlackElo "2568"]
[TimeControl "180+1"]
[EndTime "8:19:10 PST"]
[Termination "baki83 won by checkmate"]

1. e4 d6 2. d4 Nf6 3. Nc3 c6 4. h3 Qa5 5. Bd3 e5 6. Nf3 g6 7. O-O Bg7 8. Ne2 exd4 9. Nexd4 O-O 10. Bf4 Re8 11. Re1 Qb6 12. Bxd6 c5 13. Nb5 a6 14.
Bc7 Qc6 15. Bxb8 Rxb8 16. Na7 Qc7 17. Nxc8 Rbxc8 18. e5 Nd7 19. e6 fxe6 20. Bc4 Nf8 21. c3 b5 22. Bd3 Rcd8 23. Qc2 c4 24. Be4 e5 25. Rad1 Ne6 26. Bd5 Kh8 27. Bxe6 Rxe6 28. Ng5 Red6 29. Rxd6 Rxd6 30. Rd1 Rxd1+ 31. Qxd1 h6 32.
Ne4 Qc6 33. Qd8+ Kh7 34. f3 a5 35. a3 b4 36. axb4 axb4 37. cxb4 Qb7 38. Qd2 Bf8 39.
Nf6+ Kg7 40. Ne8+ Kh7 41. Nf6+ Kg7 42. Nd5 Qa7+ 43. Kh2 Qd4 44. Qxd4 exd4 45. b5 Bd6+ 46. Kg1 Kf7 47. Kf1 Ke6 48. Nb6 c3 49. bxc3 dxc3 50. Ke2 Bc5 51. Na4 Bb4 52. Kd3 Kd5 53. Nxc3+ Kc5 54.
b6 Ba5 55. b7 Bc7 56. Ke4 Kc6 57. Nd5 Bb8 58. Ne7+ Kxb7 59. Nxg6 Kc6 60. f4 Kd7 61. f5 Ke8 62. g4 Kf7 63. h4 Kf6 64. Nf4 Kf7 65. Nh5 Ba7 66. Kf3 Bc5 67. g5 Be7 68.
Kg4 hxg5 69. hxg5 Bd8 70. g6+ Kf8 71. f6 Ba5 72. Kf5 Bb4 73. Ke6 Kg8 74. f7+ Kh8 75. g7+ Kh7 76. g8=Q+ Kh6 77. Qg7+ Kxh5 78. f8=Q Be7 79.
Qfh8# 1-0

[Event "Early-Titled-Tuesday-Blitz-January-23-2024"]
[Site "Chess.com"]
[Date "2024.01.23"]
[Round "2"]
[White "vugarrasulov"]
[Black "Reality-Stone"]
[Result "1/2-1/2"]
[WhiteElo "2935"]
[BlackElo "2616"]
[TimeControl "180+1"]
[EndTime "8:19:11 PST"]
[Termination "Game drawn - insufficient material"]

1. e4 c5 2. Nf3 d6 3. Bc4 Nf6 4. d3 g6 5. O-O Bg7 6. Bb3 O-O 7. c3 e6 8. Re1 b6 9. Nbd2 Bb7 10. Nf1 Nbd7 11.
Ng3 Rc8 12. Bf4 Qe7 13. d4 cxd4 14. cxd4 e5 15. dxe5 dxe5 16. Bg5 h6 17. Bxf6 Nxf6 18. Rc1 Rfd8 19. Rxc8 Rxc8 20. h3 Nd7 21. Bd5 Nc5 22. Bxb7 Qxb7 23. Qd6 Qc6 24. Qxc6 Rxc6 25. Rd1 Ne6 26.
Ne2 Nd4 27. Nexd4 exd4 28. Ne1 b5 29. Kf1 f5 30. exf5 gxf5 31. Ke2 Kf7 32. Kd3 b4 33. Nc2 a5 34. Rd2 f4 35. Ke4 d3 36. Nd4 Rc4 37. Rxd3 b3 38. axb3 Rb4 39. Kd5 Kg6 40. Nc6 Rb5+ 41. Kc4 Rg5 42. g3 Bxb2 43. gxf4 Rh5 44.
f5+ Kf6 45. Rd6+ Kf7 46. Rd5 Rxh3 47. Rxa5 Rf3 48. Ne5+ Bxe5 49. Rxe5 Rxf2 50. b4 h5 51. b5 Kf6 52. Re8 h4 53. Rh8 Kg5 54. b6 Rf4+ 55.
Kc3 Rf3+ 56. Kd4 Rf4+ 57. Kc5 Rxf5+ 58. Kc6 Rf6+ 59. Kb5 Rf5+ 60. Kc4 Rf4+ 61. Kc5 Rf5+ 62. Kc6 Rf6+ 63. Kc7 Rf7+ 64. Kc8 Kg4 65. Rg8+ Kf3 66. Rg1 Kf2 67. Rh1 Kg3 68. b7 Rxb7 69. Kxb7 h3 70.
Rxh3+ Kxh3 1/2-1/2

[Event "Early-Titled-Tuesday-Blitz-January-23-2024"]
[Site "Chess.com"]
[Date "2024.01.23"]
[Round "2"]
[White "FLYD"]
[Black "kingofthenil"]
[Result "0-1"]
[WhiteElo "2086"]
[BlackElo "2661"]
[TimeControl "180+1"]
[EndTime "8:19:12 PST"]
[Termination "kingofthenil won by resignation"]

1. e4 d6 2. d4 Nf6 3. Nc3 e5 4. Nf3 exd4 5. Nxd4 Nc6 6. Bb5 Bd7 7. Bxc6 bxc6 8.
O-O Be7 9. Qf3 Ng4 10. Bf4 Bf6 11. Rad1 Ne5 12. Bxe5 Bxe5 13. Nf5 O-O 14. Ne2 g6 15. Ne3 Bxb2 16. Rb1 Bg7 17. Rfd1 Qg5 18. Rb7 Rfc8 19. Rdb1 Be6 20. a3 h5 21. Nf4 Ba2 22. Rd1 Be5 23. Nd3 Bc3 24. Nb4 Bxb4 25. axb4 Be6 26. c4 a5 27. b5 cxb5 28. Rxb5 Qe7 29. Nd5 Bxd5 30.
cxd5 c6 31. dxc6 Rxc6 32. e5 Raa6 33. exd6 Rxd6 34. Rf1 Rd8 35. h3 a4 36. Ra1 a3 37.
Qb3 Ra7 38. Rb6 Rda8 39. Rxg6+ Kf8 40. Rb6 a2 41. Qc3 Qg5 42. Qh8+ Qg8 43. Qxh5 Qg7 44. Qd1 Kg8 45. Rb3 Ra3 46. Rxa3 Rxa3 47. Qd8+ Kh7 48. Qh4+ Qh6 49. Qxh6+ Kxh6 50. Kf1 Kg5 51. Ke2 Kf4 52.
g3+ Ke4 53. f3+ Kd4 54. h4 Kc3 55. h5 Kb2 56. Rxa2+ Rxa2 57. Ke3 Kc3 58. Kf4 Kd4 59. g4 Rh2 60. Kf5 Kd5 61. f4 Rh4 62. Kg5 Rh3 63. Kf6 Rh4 64. g5 Rxf4+ 65. Kg7 Ke6 66. h6 Rh4 67. h7 Kf5 68. g6 fxg6 69.
h8=Q Rxh8 70. Kxh8 g5 0-1

[Event "Early-Titled-Tuesday-Blitz-January-23-2024"]
[Site "Chess.com"]
[Date "2024.01.23"]
[Round "2"]
[White "Oleksandr_Bortnyk"]
[Black "eagleclaw07"]
[Result "1-0"]
[WhiteElo "3081"]
[BlackElo "2640"]
[TimeControl "180+1"]
[EndTime "8:19:13 PST"]
[Termination "Oleksandr_Bortnyk won by resignation"]

1. e4 e5 2. Nf3 Nc6 3. Bb5 Nf6 4. O-O Nxe4 5. Re1 Nd6 6. Nxe5 Nxe5 7. Rxe5+ Be7 8.
Bf1 O-O 9. d4 Bf6 10. Re1 Nf5 11.
Nc3 d5 12. Ne2 Re8 13. c3 c6 14. Bf4 Bd7 15. Qc2 h5 16. h3 h4 17. Bh2 Bg5 18.
Nf4 Qf6 19. Nd3 Nd6 20. Nc5 Bf5 21. Bd3 Bxd3 22. Qxd3 b6 23. Nd7 Qf5 24. Qxf5 Nxf5 25.
a4 Rxe1+ 26. Rxe1 Rd8 27. Nb8 Rc8 28. a5 bxa5 29. Na6 Be7 30. Ra1 Bd8 31. Re1 Bb6 32.
g4 hxg3 33. fxg3 Nxd4 34. cxd4 Bxd4+ 35. Kf1 Bxb2 36. Re2 Bc3 37. g4 d4 38. Re7 c5 39. Rd7 c4 40. Be5 Rc6 41. Rd8+ Kh7 42.
Nb8 Rb6 43. Nd7 Rb7 44. Nf8+ Kh6 45. Bf4+ g5 46. Be5 f6 47. Rd6 Rf7 48. Nd7 Bb4 49. Rxf6+ Rxf6+ 50. Nxf6 d3 51. Ne4 a4 52. Bf6 Kg6 53. Kf2 a3 54. Ke3 a2 55. Ba1 Bf8 56.
Nc3 Bg7 57. Kd2 Be5 58. Bb2 Bf4+ 59. Kd1 a5 60. Nxa2 Be3 61. Be5 a4 62. Bd6 Bd4 63.
Bb4 Kf6 64. Nc3 a3 65. Kd2 Ke5 66. Bxa3 Kf4 67. Bd6+ Kf3 68. Nb5 Be3+ 69. Kc3 d2 70.
Kc2 Kg2 71. Na3 Kxh3 72. Nxc4 Bf4 73. Bxf4 gxf4 74. g5 f3 75. g6 f2 76. Nxd2 f1=Q 77. Nxf1 Kg2 78. g7 Kh1 79. Kd2 1-0

[Event "Early-Titled-Tuesday-Blitz-January-23-2024"]
[Site "Chess.com"]
[Date "2024.01.23"]
[Round "2"]
[White "Yaacovn"]
[Black "LangesNasenhaar"]
[Result "1/2-1/2"]
[WhiteElo "2775"]
[BlackElo "2431"]
[TimeControl "180+1"]
[EndTime "8:19:14 PST"]
[Termination "Game drawn - insufficient material"]

1. d4 g6 2. e3 Bg7 3. Nf3 d6 4.
Be2 e5 5. dxe5 dxe5 6. Qxd8+ Kxd8 7. e4 f6 8. Nc3 c6 9. Nd2 Be6 10.
Bc4 Ke7 11. b3 Nh6 12. Ba3+ Kf7 13. O-O-O b5 14. Bxe6+ Kxe6 15. Nf3 Nf7 16. Rd2 Na6 17. Ne2 Bh6 18. Kb1 Bxd2 19. Nxd2 Rhd8 20. Kc1 Rd7 21. f4 Nd6 22. g4 h5 23. f5+ gxf5 24. exf5+ Kf7 25.
Bxd6 Rxd6 26. Ne4 Rdd8 27. gxh5 Rh8 28. N2g3 Rad8 29. c3 Nc7 30. c4 Na6 31. Kb2 Nb4 32.
a3 Nd3+ 33. Kc3 Nf4 34. cxb5 cxb5 35. Kb4 Nxh5 36. Kxb5 Nxg3 37. Nxg3 Rd3 38. Rc1 Rxb3+ 39. Ka4 Rb7 40. Rc6 Rxh2 41. Ne4 Rh4 42. Rc4 Rxe4 43.
Rxe4 Rd7 44. Kb5 Rd3 45. Ra4 Rd7 46. Kc6 Re7 47. Kd5 Rd7+ 48. Ke4 Ke7 49. Ra6 Rb7 50. a4 Kf7 51. a5 Ke7 52. Re6+ Kf7 53. Rc6 Ke7 54.
Ra6 Kf7 55. Kf3 Re7 56. Rc6 Rb7 57. a6 Rd7 58. Ke3 Ke7 59. Rc8 Kf7 60. Rb8 Ke7 61.
Kf3 Rc7 62. Kg4 Kd7 63. Rf8 Ke7 64. Ra8 Kd7 65. Kh5 e4 66. Kg4 Kc6 67. Rb8 Re7 68.
Rc8+ Kb6 69. Rf8 Kxa6 70. Rxf6+ Kb5 71. Rh6 e3 72. Rh1 e2 73. Re1 Kc4 74. f6 Rf7 75.
Kf5 Kd3 76. Ra1 Rxf6+ 77. Kxf6 Kd2 78. Ra2+ Kd1 79. Ra1+ Kd2 80. Ra2+ Kd1 81. Rxa7 e1=Q 82. Ra1+ Kd2 83. Rxe1 Kxe1 1/2-1/2

[Event "Early-Titled-Tuesday-Blitz-January-23-2024"]
[Site "Chess.com"]
[Date "2024.01.23"]
[Round "2"]
[White "CristianS27"]
[Black "Me_ch_an"]
[Result "0-1"]
[WhiteElo "2591"]
[BlackElo "2302"]
[TimeControl "180+1"]
[EndTime "8:19:14 PST"]
[Termination "Me_ch_an won on time"]

1. e4 c5 2. Nf3 Nc6 3. d4 cxd4 4.
Nxd4 Qb6 5. Nb3 Nf6 6. Nc3 e6 7.
Bd3 a6 8. Be3 Qc7 9. O-O b5 10. a3 d6 11. f4 Bb7 12. Qe2 Be7 13. Rae1 O-O 14. g4 Rfe8 15. g5 Nd7 16. Qh5 b4 17.
axb4 Nxb4 18. Rf3 g6 19. Qh6 Bf8 20. Qh4 Nxd3 21. cxd3 Rac8 22. Rh3 h5 23. gxh6 Kh7 24. f5 exf5 25. exf5 Ne5 26. fxg6+ fxg6 27. Ne4 Be7 28. Bg5 Bxe4 29. dxe4 Bxg5 30. Qxg5 Qa7+ 31. Qe3 Qxe3+ 32. Rhxe3 Rc2 33. R1e2 Rxe2 34. Rxe2 Kxh6 35. Nd4 Rb8 36. b3 Rb4 37. Ne6 Rxb3 38. Kf1 Rb1+ 39. Kg2 Rb8 40. Re3 g5 41. Rg3 g4 42. Ra3 Rb6 43. Nf4 Kg5 44. Nd5 Rc6 45. Nb4 Rc4 46. Nxa6 Rxe4 47. Nc7 Rc4 48. Ne6+ Kf6 49. Nf8 Rc8 50. Nh7+ Kg6 51.
Ra7 Rh8 52. Ra6 Rxh7 53. Rxd6+ Kf5 54. Kg3 Ra7 55. Rb6 Ra3+ 56. Kg2 Ng6 57. Rb4 Nf4+ 58. Kg1 Ra1+ 59. Kf2 Ra2+ 60. Kf1 Rxh2 61. Rb5+ Ke4 62. Rb4+ Ke5 63. Ra4 g3 64. Ra5+ Ke4 65. Ra4+ Kf3 66. Ra3+ Kg4 67. Rb3 Rf2+ 68. Ke1 Re2+ 69. Kf1 g2+ 70.
Kg1 Re1+ 0-1

[Event "Early-Titled-Tuesday-Blitz-January-23-2024"]
[Site "Chess.com"]
[Date "2024.01.23"]
[Round "2"]
[White "annasargsyan_m"]
[Black "Rikikits"]
[Result "0-1"]
[WhiteElo "2561"]
[BlackElo "2846"]
[TimeControl "180+1"]
[EndTime "8:19:15 PST"]
[Termination "Rikikits won on time"]

1. d4 d5 2. c4 c6 3. Nf3 Nf6 4. Nc3 dxc4 5. a4 Bf5 6. Ne5 Nbd7 7. Nxc4 Nb6 8. Ne5 a5 9. g3 e6 10. Bg2 Bb4 11. O-O O-O 12. Bg5 h6 13. Bxf6 Qxf6 14. e3 Rfd8 15. Qb3 Nd7 16. f4 Nxe5 17. fxe5 Qe7 18.
Rf4 Bg6 19. Raf1 Rd7 20. Be4 Bxe4 21. Nxe4 Rad8 22. Qd1 Qf8 23. Qh5 c5 24. Nd6 f5 25.
Qg6 Rxd6 26. exd6 Rxd6 27. g4 Bd2 28. R4f3 cxd4 29. exd4 Bg5 30. gxf5 e5 31. f6 Rxf6 32. Rxf6 Bxf6 33. dxe5 Qc5+ 34. Kh1 Qxe5 35. Qg2 b6 36. b3 Kh7 37. Qf3 Kg8 38. Qd3 Qc5 39. Qf3 Qe5 40. Qa8+ Kh7 41. Qf3 Qc5 42. Re1 Kg8 43.
Qe4 Kh8 44. Qe8+ Kh7 45. Qe4+ Kh8 46. Rf1 Kg8 47. Rd1 Kh8 48. Re1 Kg8 49. Qf3 Qd4 50.
Re8+ Kf7 51. Re4 Qa1+ 52. Kg2 Qb2+ 53. Re2 Qd4 54. Qe4 Qc5 55. Qb7+ Kg6 56. Qf3 Qg5+ 57. Qg3 Bd4 58. Re6+ Kf5 59. Qxg5+ Kxg5 60. Rc6 Bc5 61. Kf3 g6 62. Kg3 h5 63. h4+ Kf5 64. Kf3 Bd4 65. Rd6 Bc5 66. Rd5+ Kf6 67. Kf4 Bf2 68. Rd6+ Kf7 69. Rc6 Bxh4 70. Rxb6 Be1 71. Rb7+ Kf6 72. Rb6+ Kg7 73. Rb5 Kh6 74. Kf3 g5 75. Rb6+ Kg7 76. Ke4 g4 77. Kf5 g3 78. Rg6+ Kf7 79. Rh6 Bf2 80. Rg6 h4 0-1

[Event "Early-Titled-Tuesday-Blitz-January-23-2024"]
[Site "Chess.com"]
[Date "2024.01.23"]
[Round "2"]
[White "winniethepooh04"]
[Black "Hamisandwich"]
[Result "1/2-1/2"]
[WhiteElo "2466"]
[BlackElo "2701"]
[TimeControl "180+1"]
[EndTime "8:19:19 PST"]
[Termination "Game drawn - insufficient material"]

1. d4 c5 2. c3 Qa5 3. Nf3 cxd4 4. Nxd4 Nf6 5. Nd2 d5 6. N2f3 Nc6 7.
Bf4 e6 8. e3 Be7 9. h3 O-O 10.
Be2 Re8 11. O-O h6 12. Ne5 Nxe5 13. Bxe5 Bd7 14. c4 Rac8 15. Nb3 Qd8 16. Rc1 Ba4 17.
Qd4 dxc4 18. Rxc4 Qxd4 19. Bxd4 Rxc4 20. Bxc4 Rc8 21. Bd3 b6 22. Rc1 Rxc1+ 23. Nxc1 Bc6 24. Ne2 Nd5 25. Nc3 Nb4 26. Bb1 Bd7 27. Ne2 f6 28. a3 Nc6 29. Bc3 e5 30. Ba2+ Kf8 31. Kf1 Nd8 32. Ke1 Ne6 33. Nc1 Nc5 34. Bb1 Bc6 35. f3 Na4 36. Kd2 Bc5 37. e4 Nxc3 38. Kxc3 Bd4+ 39. Kc2 Ke7 40. b3 a5 41. Kd2 Bc5 42. a4 Bb4+ 43. Ke3 Bc5+ 44. Kd2 b5 45. axb5 Bxb5 46.
Bd3 Bb4+ 47. Ke3 Bd7 48. Bc4 g6 49. Nd3 Bd6 50. Kd2 f5 51. Bd5 Kf6 52. Nb2 Bb4+ 53.
Ke2 Bb5+ 54. Bc4 Bc6 55. Kd3 Kg5 56. exf5 gxf5 57. Ke2 e4 58. fxe4 fxe4 59. Nd1 Kf4 60. Ne3 Bc5 61. Nd5+ Kg3 62. Kf1 e3 63. Ke2 Kxg2 64.
Nxe3+ Kxh3 65. Nf5 h5 66. Be6 Kg2 67. Nh4+ Kg3 68.
Nf5+ Kf4 69. Ng7 h4 70. Kd3 Be4+ 71. Kc4 Bb4 72. Ne8 Bg2 73. Nc7 Bf1+ 74. Kd5 h3 75. Bxh3 Bxh3 76. Kc6 Bg2+ 77. Kb6 Bf3 78. Kb5 Be2+ 79.
Kb6 Bd1 80. Nd5+ Ke4 81. Nxb4 axb4 82. Kb5 Bxb3 83. Kxb4 1/2-1/2

[Event "Early-Titled-Tuesday-Blitz-January-23-2024"]
[Site "Chess.com"]
[Date "2024.01.23"]
[Round "2"]
[White "Witik"]
[Black "Boxerandchessplayer"]
[Result "0-1"]
[WhiteElo "2660"]
[BlackElo "2260"]
[TimeControl "180+1"]
[EndTime "8:19:19 PST"]
[Termination "Boxerandchessplayer won by resignation"]

1. d4 d5 2. c4 e6 3. Nf3 Nf6 4.
g3 h6 5. Bg2 Bd6 6. O-O O-O 7.
Nc3 Nc6 8. cxd5 exd5 9. Nb5 Re8 10. Nxd6 cxd6 11. Ne1 Bf5 12. e3 Rc8 13. Nd3 Qd7 14. Qe1 Bxd3 15. Bd2 Bxf1 16. Qxf1 Ne4 17. Be1 a6 18. f3 Nf6 19. Bh3 Qe7 20. Bxc8 Rxc8 21. Qd3 Re8 22. Bd2 Qc7 23. Qb3 Na5 24.
Qa4 Nc4 25. Bc1 Qb6 26. b3 Nxe3 27. Bb2 Qb5 28. Qxb5 axb5 29. Rc1 Ra8 30. a3 Ra6 31. Rc8+ Kh7 32. Rc3 Nf5 33. g4 Nxd4 34. Rd3 Ne6 35. h4 Nf4 36. Rd2 Kg6 37. Kh2 Ne6 38. Kg3 Rc6 39. h5+ Kh7 40. Bxf6 gxf6 41. Rxd5 Kg7 42. Rxb5 b6 43. b4 Nd4 44. Rd5 Nc2 45. Rd3 Kf8 46.
Kf4 Ke7 47. Rd2 Nxa3 48. Kf5 Nc4 49. Re2+ Kf8 50. Kxf6 d5+ 51. Kf5 Re6 52. Ra2 Ne3+ 53. Kf4 d4 54. Rd2 Rd6 55. Ke4 Nc4 56. Rxd4 Re6+ 57.
Kd3 Ne5+ 58. Kc3 Nxf3 59. Rd5 Nh2 60. Rd4 Nf3 61. Rd5 Ng5 62. Rd8+ Kg7 63. Rb8 Ne4+ 64. Kd4 Nf2 65. Rc8 Nxg4 66. Rc1 Nf6 67. Rg1+ Kf8 68.
Rh1 Re4+ 69. Kc3 Re5 70. Kc4 Nxh5 71. Rf1 Kg7 72. Kd4 Rg5 73. Ra1 Nf6 74. Ra6 h5 75. Rxb6 h4 76. Ra6 h3 77. Ra1 h2 78. Rh1 Rg2 79.
Ke3 Ng4+ 80. Kf3 Rg1 81. Rxh2 Nxh2+ 82. Kf2 Rb1 0-1

[Event "Early-Titled-Tuesday-Blitz-January-23-2024"]
[Site "Chess.com"]
[Date "2024.01.23"]
[Round "2"]
[White "mac0504"]
[Black "pfalcon1949"]
[Result "1-0"]
[WhiteElo "2561"]
[BlackElo "2016"]
[TimeControl "180+1"]
[EndTime "8:19:31 PST"]
[Termination "mac0504 won by resignation"]

1. c3 Nf6 2. Nf3 d5 3. g3 c5 4. Bg2 e6 5. O-O Be7 6. d4 O-O 7. a4 Nc6 8. dxc5 Bxc5 9. b4 Be7 10.
Bb2 a6 11. Nbd2 Bd7 12. Nb3 Qc7 13. Re1 Rfc8 14. Rc1 Be8 15. a5 Qd8 16. Ba1 Rab8 17. h3 h6 18. Nh2 e5 19. Ng4 Nxg4 20. hxg4 d4 21. cxd4 Bxb4 22. Rf1 Nxd4 23. Rxc8 Qxc8 24. Nxd4 exd4 25. Qxd4 Bf8 26. Rb1 Bc6 27. Rc1 Qe6 28. Bxc6 bxc6 29. Qe5 Re8 30. Qxe6 Rxe6 31. e3 Bb4 32. Bd4 f6 33. Rc4 c5 34. Bxc5 Rc6 35. Rxb4 Rxc5 36. Ra4 Rc2 37. Kg2 Kf7 38. Kf3 Kg6 39. e4 h5 40. gxh5+ Kxh5 41. Ke3 Kg6 42. f3 f5 43. exf5+ Kxf5 44. Rf4+ Ke5 45. Rf7 Rc3+ 46.
Ke2 g6 47. Ra7 Rc2+ 48. Kd3 Rf2 49. Ke3 Rg2 50. f4+ Kf5 51. Kf3 Ra2 52. g4+ Kf6 53.
Rxa6+ Kg7 54. Ra7+ Kf6 55. a6 Ra3+ 56. Ke4 Ra4+ 57.
Ke3 Ra5 58. g5+ Ke6 59. Ra8 Kf7 60. a7 Kg7 61. Ke4 Ra1 62. f5 Ra4+ 63. Ke5 gxf5 64. Kxf5 Ra5+ 65. Kg4 Ra4+ 66. Kh5 Ra5 67. Kh4 Ra4+ 68.
Kg3 Ra5 69. g6 Ra6 70. Kf3 Rf6+ 71. Ke4 Ra6 72. Kd5 Ra5+ 73. Kc6 Ra2 74. Kb6 Rb2+ 75. Kc7 Rc2+ 76. Kd6 Rd2+ 77. Ke5 Re2+ 78. Kf5 Ra2 79. Ke4 Re2+ 80. Kf3 Ra2 81. Kg4 Ra5 82. Kg3 Ra4 83.
Kf3 Ra3+ 84. Ke4 Ra6 85. Kd3 Ra3+ 86. Kc4 Ra6 87. Kb5 Ra1 88. Kb6 Rb1+ 89. Kc6 Rc1+ 90.
Kd7 Rd1+ 91. Ke8 Re1+ 92. Kd8 Rd1+ 93. Kc7 Rc1+ 94. Kd6 Rb1 95. Ke6 Ra1 96. Kd6 Ra2 97. Kc7 Ra1 98. Kb6 Ra2 99. Rc8 Ra1 100. a8=Q Ra2 101. Qxa2 Kh6 102. Rh8+ Kg5 103. Qg2+ Kf6 104. Rf8+ 1-0